 Dungeon Crawl Stone Soup version 0.23-a0-612-gcb482e9 (console) character file.

42 Duffy the Chopper (level 3, -1/34 HPs)
             Began as a Naga Gladiator on Dec 21, 2018.
             Slain by a mummy (6 damage)
             ... in an ossuary.
             The game lasted 00:01:02 (1166 turns).

Duffy the Chopper (Naga Gladiator)                  Turns: 1166, Time: 00:01:03

Health: -1/34      AC:  3    Str: 17    XL:     3   Next: 56%
Magic:  3/3        EV: 10    Int:  8    God:
Gold:   43         SH:  0    Dex: 12    Spells: 2/2 levels left

rFire    . . .     SeeInvis +   a - +0 war axe
rCold    . . .     Gourm    .   (no shield)
rNeg     . . .     Faith    .   b - +0 leather armour
rPois    +         Spirit   .   c - +0 helmet
rElec    .         Reflect  .   (no cloak)
rCorr    .         Harm     .   (no gloves)
MR       .....                  (no barding)
Stlth    +.........             (no amulet)
HPRegen  0.11/turn              (no ring)
MPRegen  0.08/turn              (no ring)

@: very slow
A: large, see invisible, deformed body, poison resistance, slowness 2, slow
metabolism 1, spit poison 1, AC +1
a: Spit Poison


You were in an ossuary.
You were not hungry.

You visited 1 branch of the dungeon, and saw 4 of its levels.
You also visited: Ossuary.

You collected 43 gold pieces.

Inventory:

Hand Weapons
 a - a +0 war axe (weapon)
 h - a +2 whip of venom
Missiles
 d - 3 throwing nets (quivered)
Armour
 b - a +0 leather armour (worn)
 c - a +0 helmet (worn)
Potions
 e - a potion of degeneration {unknown}
 g - 2 potions of mutation {unknown}
 j - a potion of curing {unknown}
Comestibles
 f - 2 rations
 i - a chunk of flesh


   Skills:
 + Level 3.0 Fighting
 - Level 3.8 Axes
 - Level 1.7 Throwing
 - Level 2.4 Dodging


You had 2 spell levels left.
You didn't know any spells.
Your spell library was empty.

Dungeon Overview and Level Annotations

Branches:
Dungeon (4/15)
 Temple: D:4-7

Altars:
Nemelex Xobeh


Innate Abilities, Weirdness & Mutations

You cannot wear boots.
Your serpentine skin is tough. (AC +1)
You have supernaturally acute eyesight. (SInv)
Armour fits poorly on your strangely shaped body.
Your system is resistant to poisons. (rPois)
You cover ground very slowly.
You have a slow metabolism.
You can spit poison.


Message History

The hobgoblin zombie hits you. The mummy hits you!
Ouch! That really hurt!
You are too injured to fight recklessly!
You are too injured to fight recklessly!
You are too injured to fight recklessly!
You are too injured to fight recklessly!
You are too injured to fight recklessly!
You are too injured to fight recklessly!
You are too injured to fight recklessly!
You are too injured to fight recklessly!
You are too injured to fight recklessly!
You are too injured to fight recklessly!
You hit the mummy.
The mummy is lightly damaged.
You hit the mummy but do no damage. You slash the hobgoblin zombie!
You destroy the hobgoblin zombie!
Your Fighting skill increases to level 3!
You barely miss the hobgoblin zombie. The hobgoblin zombie hits you.
The mummy closely misses you. The mummy hits you.
You die...

....##....##...
...............
..............
.Z..........
#........#
#.Z....# #ZMM.#
#.@Z.# #..M.#
#....# #....#
#....# #....#
#....# #.\\.#
######


You could see 3 mummies, 2 hobgoblin zombies, a gnoll zombie and an orc zombie.

Vanquished Creatures
  A mummy (Ossuary)
  An adder (D:4)
  A worm (D:2)
  A bat (D:1)
  2 giant cockroaches
  A hobgoblin (D:1)
  2 jackals (D:1)
  A quokka (D:3)
  A frilled lizard (D:2)
  2 goblins (D:1)
  A hobgoblin zombie (Ossuary)
  2 kobolds (D:1)
  A kobold zombie (Ossuary)
  An orc zombie (Ossuary)
  A rat (D:1)
19 creatures vanquished.

Notes
Turn   | Place    | Note
-------+----------+-------------------------------------------
     0 | D:1      | Duffy the Naga Gladiator began the quest for the Orb.
     0 | D:1      | Reached XP level 1. HP: 19/19 MP: 1/1
   658 | D:1      | Reached XP level 2. HP: 26/26 MP: 2/2
   686 | D:2      | Found a sparkling altar of Nemelex Xobeh.
  1114 | D:4      | Found a sand-covered staircase.
  1127 | D:4      | Reached XP level 3. HP: 27/33 MP: 3/3
  1151 | Ossuary  | Entered an ossuary
  1166 | Ossuary  | Slain by a mummy

Vault maps used:
D:1:      scummos_arrival_star, chequers_serial_rivers_room_a,
          minmay_misc_feat_chi
D:2:      lemuel_crystal_altar, minmay_pentomino_s2
D:3:      chequers_ecumenical_altar_simple, minmay_misc_feat_tiny,
          minmay_stone_trees_medium, uniq_ijyb
D:4:      minmay_temple_entry_waves, nicolae_ossuary_entry_monument,
          first_ration, corner_web_ring, chequers_garden
Ossuary:  ossuary_tomb_3

Skill      XL: |  1  2  3 |
---------------+----------+-----
Fighting       | 3 |  3.0
Axes           | |  3.8
Throwing       | |  1.7
Dodging        | |  2.4

Action                   || total
-------------------------++-------
Melee: War axe           ||    40
       Whip              ||    12
 Abil: Spit Poison       ||     2
Armor: Leather armour    ||    23
Dodge: Dodged            ||    40

Table legend:
 A = Non-vault XP
 B = Vault XP
 C = Vault XP percentage of total XP
 D = Non-vault monster count
 E = Vault monster count
 F = Vault count percentage of total count
                 A         B        C        D         E       F
            +---------+---------+-------+---------+---------+-------
      Total |      40 |      21 |  34.4 |      15 |       4 |  21.1
            +---------+---------+-------+---------+---------+-------
        D:1 |      17 |       0 |   0.0 |      10 |       0 |   0.0
        D:2 |       6 |       0 |   0.0 |       2 |       0 |   0.0
        D:3 |       4 |       0 |   0.0 |       2 |       0 |   0.0
        D:4 |      13 |       0 |   0.0 |       1 |       0 |   0.0
    Ossuary |       0 |      21 | 100.0 |       0 |       4 | 100.0
            +---------+---------+-------+---------+---------+-------
